 Dungeon Crawl Stone Soup version 0.22-a0-136-g83a10e5 (webtiles) character file.

219 mhoghedin the Chiller (level 5, 0/38 HPs)
             Began as a Draconian Ice Elementalist on Feb 3, 2018.
             Slain by a phantom (10 damage)
             ... on level 4 of the Dungeon.
             The game lasted 00:08:15 (3180 turns).

mhoghedin the Chiller (Draconian Ice Elementalist)  Turns: 3180, Time: 00:08:16

Health: 0/38       AC: 11    Str: 16    XL:     5   Next: 64%
Magic:  7/10       EV: 12    Int: 16    God:
Gold:   201        SH:  0    Dex: 11    Spells: 3/11 levels left

rFire    . . .     SeeInvis .   j - +2 short sword (venom)
rCold    . . .     Gourm    .   (no shield)
rNeg     . . .     Faith    .   (armour unavailable)
rPois    .         Spirit   .   (helmet restricted)
rElec    .         Reflect  .   (no cloak)
rCorr    .         Harm     .   o - +0 pair of gloves
MR       .....                  (no boots)
Stlth    ++........             h - amulet of rage {+Rage, !d}
HPRegen  0.12/turn              (no ring)
MPRegen  0.12/turn              (no ring)

@: mighty, icy armour, slow
A: unfitting armour, cold-blooded, AC +5
a: Evoke Berserk Rage


You were on level 4 of the Dungeon.
You were not hungry.

You visited 1 branch of the dungeon, and saw 4 of its levels.

You collected 201 gold pieces.

Inventory:

Hand Weapons
 j - a +2 short sword of venom (weapon)
   (You took it off a kobold on level 2 of the Dungeon)
Missiles
 t - 2 curare-tipped needles
Armour
 o - a +0 pair of gloves (worn)
   (You found it on level 2 of the Dungeon)
Magical Staves
 c - an uncursed staff of air {rElec}
   (You found it on level 2 of the Dungeon)
Jewellery
 h - an amulet of rage (around neck) {+Rage, !d}
   (You found it on level 1 of the Dungeon)
Wands
 w - a wand of disintegration (10)
   (You found it on level 3 of the Dungeon)
Scrolls
 d - a scroll of noise {unknown}
 f - a scroll of identify
 g - 2 scrolls of magic mapping {!r}
 i - 2 scrolls of fog {unknown}
 l - a scroll of random uselessness {unknown}
 m - a scroll of amnesia
 r - a scroll of remove curse {unknown}
 u - a scroll of blinking {unknown}
Potions
 e - 3 potions of might
 k - 5 potions of agility
 n - a potion of lignification {!q}
 p - a potion of degeneration {unknown}
 q - a potion of curing
 s - a potion of mutation {unknown}
Books
 a - a book of Frost
Comestibles
 b - 4 rations


   Skills:
 - Level 1.7 Dodging
 - Level 1.7 Stealth
 + Level 3.9 Spellcasting
   Level 1.0 Conjurations
 + Level 1.3 Summonings
 + Level 4.8 Ice Magic


You had 3 spell levels left.
You knew the following spells:

 Your Spells              Type           Power        Failure   Level  Hunger
a - Freeze                Ice            ###.         2%          1    None
b - Summon Ice Beast      Ice/Summ       ##......     43%         4    ####...
A - Ozocubu's Armour      Chrm/Ice       ##......     19%         3    ###....


Dungeon Overview and Level Annotations

Branches:
Dungeon (4/15)
 Temple: D:4-7

Altars:
Nemelex Xobeh


Innate Abilities, Weirdness & Mutations

Your plain brown scales are hard. (AC +5)
You cannot fit into any form of body armour.
You are cold-blooded and may be slowed by cold attacks.


Message History

You are feeling hungry.
You hit the hobgoblin but do no damage.
The hobgoblin is poisoned.
The hobgoblin hits you.
You take 4 damage, and have 34/38 hp.
You hit the hobgoblin.
You kill the hobgoblin!
No target in view!
No target in view!
No target in view!
No target in view!
You now have 173 gold pieces (gained 7).
You see here a leather armour.
You see here a ring mail.
Found a stone staircase leading down.
Health restored: 38 You now have 183 gold pieces (gained 10).
f - a scroll of identify
m - a scroll of amnesia
Okay, then.
Unknown command.
You see here a ring mail.
You are feeling very hungry.
k - 5 potions of agility (gained 2)
You see here an adder skeleton.
You see here 18 stones.
You now have 201 gold pieces (gained 18).
Done exploring.
Done exploring.
No target in view!
No target in view!
No target in view!
No target in view!
Done exploring.
Done exploring.
Done exploring.
You eat one of the 5 rations.
That ration really hit the spot!
(D) Dungeon
Where to? (Enter - D:3, ? - help)
There is a stone staircase leading down here.
You climb downwards.
A hippogriff comes into view.
There is a stone staircase leading up here.
Okay, then.
Unknown command.
You miscast Summon Ice Beast.
You are very lightly contaminated with residual magic.
You hear strange voices.
You now have 6/10 mp.
You miscast Summon Ice Beast.
Shadowy shapes form in the air around you, then vanish.
You now have 2/10 mp.
You don't have enough magic to cast that spell.
The hippogriff screeches!
You climb upwards.
There is a stone staircase leading down here.
You start resting.
MP restored: 10 Done exploring.
Done exploring.
Your magical contamination has completely faded away.
You can't go down here!
(D) Dungeon
Where to? (Enter - D:3 @ (x,y), ? - help)
There is a stone staircase leading down here.
You climb downwards.
A phantom comes into view.
There is a stone staircase leading up here.
You miss the phantom. The phantom barely misses you.
You barely miss the phantom. The phantom hits you.
You take 1 damage, and have 37/38 hp.
You feel very mighty all of a sudden.
The phantom blinks!
Health restored: 38 The phantom closely misses you.
There is a stone staircase leading up here.
You miss the phantom. You tail-slap the phantom!
The phantom blinks!
The phantom blinks!
The phantom blinks!
The phantom blinks!
The phantom closely misses you.
You closely miss the phantom. The phantom hits you.
You take 4 damage, and have 34/38 hp.
You closely miss the phantom.
The phantom hits you but does no damage.
You barely miss the phantom. The phantom hits you!
You take 7 damage, and have 27/38 hp.
You miss the phantom. The phantom hits you!
The phantom blinks!
The phantom hits you but does no damage.
You take 10 damage, and have 17/38 hp.
MASSIVE DAMAGE!!
A film of ice covers your body! The phantom barely misses you.
You now have 7/10 mp.
You closely miss the phantom. You tail-slap the phantom. The phantom hits you!
* * * LOW HITPOINT WARNING * * *
The phantom blinks!
You take 8 damage, and have 9/38 hp.
MASSIVE DAMAGE!!
The phantom blinks!
You closely miss the phantom. The phantom hits you!
You die...

########
#......#
#......#
#......# ##
#......# ..#...
#####...@W?####
....H.
........<...ยง.#
......
...........##..#
...#.#
..######+### .#
...... . .....#
..#.## ..#..#
..# .#


You could see a phantom.

Vanquished Creatures
  An iguana (D:3)
  4 gnolls (D:2)
  7 adders
  3 oozes
  4 dart slugs (D:2)
  A leopard gecko (D:2)
  4 orcs (D:3)
  3 bats
  3 giant cockroaches
  11 goblins
  5 hobgoblins
  A quokka (D:2)
  2 ball pythons (D:3)
  3 frilled lizards (D:1)
  15 kobolds
  6 rats
73 creatures vanquished.

Notes
Turn   | Place    | Note
-------+----------+-------------------------------------------
     0 | D:1      | mhoghedin the Draconian Ice Elementalist began the quest for the Orb.
     0 | D:1      | Reached XP level 1. HP: 14/14 MP: 3/3
   165 | D:1      | Reached XP level 2. HP: 18/20 MP: 5/5
   802 | D:1      | Reached XP level 3. HP: 22/26 MP: 7/7
   806 | D:1      | Learned a level 2 spell: Throw Frost
   919 | D:2      | Learned a level 3 spell: Ozocubu's Armour
  1199 | D:2      | Reached skill level 3 in Spellcasting
  1259 | D:2      | Reached skill level 4 in Ice Magic
  1263 | D:2      | Reached XP level 4. HP: 28/33 MP: 0/8
  1460 | D:2      | HP: 8/33 [gnoll/flail (4)]
  1854 | D:2      | Learned a level 4 spell: Summon Ice Beast
  1918 | D:2      | Reached XP level 5. HP: 33/38 MP: 7/10
  2217 | D:3      | Found a sparkling altar of Nemelex Xobeh.
  2378 | D:3      | Reached skill level 1 in Summonings
  3055 | D:4      | Noticed a hippogriff
  3160 | D:4      | Noticed a phantom
  3177 | D:4      | HP: 9/38 [phantom (8)]
  3180 | D:4      | Slain by a phantom

Vault maps used:
D:1:      zaba_arrival_water, minmay_octomino_e4
D:3:      old_standard_altar, minmay_shallow_snake_nest
D:4:      grunt_temple_overflow_open, lemuel_crystal_altar, serial_shops, shop,
          first_ration

Skill      XL: |  1  2  3  4  5 |
---------------+----------------+-----
Spellcasting   | 3 |  3.9
Ice Magic      | 4 |  4.8
Summonings     | 1 |  1.3
Dodging        | |  1.7
Stealth        | |  1.7
Conjurations   | |  1.0

Action                   |  1- 3 |  4- 6 || total
-------------------------+-------+-------++-------
Melee: Dagger            |    92 |       ||    92
       Unarmed           |     7 |       ||     7
       Tailslap          |    12 |    10 ||    22
       Short sword       |     6 |   102 ||   108
 Cast: Freeze            |    18 |     5 ||    23
       Throw Frost       |     5 |       ||     5
       Ozocubu's Armour  |     1 |     2 ||     3
  Use: Scroll            |     3 |     3 ||     6
       Potion            |       |     3 ||     3
 Stab: Sleeping          |     1 |     8 ||     9
  Eat: Chunk             |     2 |     4 ||     6
       Ration            |       |     1 ||     1
Armor: Skin              |    45 |    31 ||    76
Dodge: Dodged            |    95 |    48 ||   143

Table legend:
 A = Spawn XP
 B = Non-spawn XP
 C = Spawn XP percentage of total XP
 D = Spawn monster count
 E = Non-spawn monster count
 F = Spawn count percentage of total count
 G = Total turns spent on level
                    A         B        C        D         E        F      G
               +---------+---------+-------+---------+---------+-------+---------
         Total |       0 |     314 |   0.0 |       0 |      73 |   0.0 |  3180
               +---------+---------+-------+---------+---------+-------+---------
           D:1 |       0 |      42 |   0.0 |       0 |      21 |   0.0 |   906
           D:2 |       0 |     163 |   0.0 |       0 |      30 |   0.0 |  1291
           D:3 |       0 |     109 |   0.0 |       0 |      22 |   0.0 |   959
               +---------+---------+-------+---------+---------+-------+---------

Vault maps used:
D:1:      zaba_arrival_water, minmay_octomino_e4
D:3:      old_standard_altar, minmay_shallow_snake_nest
D:4:      grunt_temple_overflow_open, lemuel_crystal_altar, serial_shops, shop,
          first_ration

Table legend:
 A = Turns spent in this place as a percentage of turns spent in the entire game.
 B = Non-inter-level travel turns spent in this place as a percentage of non-inter-level travel turns spent in the entire game.
 C = Inter-level travel turns spent in this place as a percentage of turns spent in this place.
 D = Turns resting spent in this place as a percentage of non-inter-level travel turns spent in this place.
 E = Turns spent auto-exploring this place as a percentage of non-inter-level travel turns spent in this place.
 F = Non-inter-level travel turns spent in this place divided by the number of levels of this place that you've seen.
                   A       B       C       D       E      F
               +-------+-------+-------+-------+-------+----------------------
         Total | 100.0 | 100.0 |   3.9 |  34.4 |  45.3 | 764.0
       Dungeon | 100.0 | 100.0 |   3.9 |  34.4 |  45.3 | 764.0
               +-------+-------+-------+-------+-------+----------------------

Table legend:
 A = Kills in this place as a percentage of kills in entire the game.
 B = Kills by you in this place as a percentage of kills by you in the entire game.
 C = Kills by friends in this place as a percentage of kills by friends in the entire game.
 D = Other kills in this place as a percentage of other kills in the entire game.
 E = Experience gained in this place as a percentage of experience gained in the entire game.
 F = Experience gained in this place divided by the number of levels of this place that you have seen.
                   A       B       C       D       E      F
               +-------+-------+-------+-------+-------+----------------------
         Total | 100.0 | 100.0 |   N/A |   N/A | 100.0 |  78.5
       Dungeon | 100.0 | 100.0 |   N/A |   N/A | 100.0 |  78.5
               +-------+-------+-------+-------+-------+----------------------
